 Dungeon Crawl Stone Soup version 0.23.0 (webtiles) character file.

Game seed: 8385763480148707893

37 LostNumber the Poker (level 3, 0/28 HPs)
             Began as a Formicid Skald on Feb 15, 2019.
             Was an Initiate of Okawaru.
             Succumbed to an adder's poison
             ... on level 2 of the Dungeon.
             The game lasted 00:02:10 (1510 turns).

LostNumber the Poker (Formicid Skald)               Turns: 1510, Time: 00:02:11

Health: 0/28       AC:  3    Str: 16    XL:     3   Next: 62%
Magic:  4/6        EV: 11    Int: 12    God:    Okawaru [......]
Gold:   49         SH:  0    Dex: 10    Spells: 3/6 levels left

rFire    . . .     SeeInvis +   a - +0 spear
rCold    . . .     Gourm    .   (no shield)
rNeg     . . .     Faith    .   b - +0 leather armour
rPois    .         Spirit   .   (helmet unavailable)
rElec    .         Reflect  .   (no cloak)
rCorr    .         Harm     .   (no gloves)
MR       .....                  (no boots)
Stlth    +.........             (no amulet)
HPRegen  0.09/turn              (no ring)
MPRegen  0.10/turn              (no ring)

@: lethally poisoned (0 -> -23), infused
A: permanent stasis, dig shafts and tunnels, four strong arms, antennae 3
a: Dig, Shaft Self, Renounce Religion


You were on level 2 of the Dungeon.
You worshipped Okawaru.
Okawaru was noncommittal.
You were very hungry.

You visited 1 branch of the dungeon, and saw 2 of its levels.

You collected 49 gold pieces.

Inventory:

Hand Weapons
 a - a +0 spear (weapon)
Missiles
 h - a throwing net (quivered) {!f}
Armour
 b - a +0 leather armour (worn)
 l - a +0 shield
   (You found it on level 2 of the Dungeon)
Jewellery
 i - a +3 ring of strength {unknown}
   (You found it on level 1 of the Dungeon)
Scrolls
 c - 3 scrolls of identify {unknown}
 g - 4 scrolls of remove curse {unknown}
 j - a scroll of magic mapping {unknown}
Potions
 d - a potion of invisibility {unknown}
 f - a potion of curing {unknown}
 k - a potion of lignification {unknown}
Comestibles
 e - 5 rations {!d}


   Skills:
 + Level 2.9 Fighting
 * Level 3.2 Polearms
 - Level 1.1 Armour
 - Level 1.7 Dodging
 + Level 0.1 Shields
 - Level 2.1 Spellcasting
 - Level 3.0 Charms
 + Level 0.2 Invocations


You had 3 spell levels left.
You knew the following spells:

 Your Spells              Type           Power        Failure   Level  Hunger
a - Infusion              Chrm           #...         10%         1    ##.....
q - Shroud of Golubria    Chrm/Tloc      #.........   26%         2    ###....

Your spell library contained the following spells:

 Spells                   Type           Power        Failure   Level  Hunger
 Song of Slaying          Chrm           #.......     14%         2    ###....
 Regeneration             Chrm/Necr      #.........   47%         3    ####...
 Spectral Weapon          Hex/Chrm       #.......     47%         3    ####...


Dungeon Overview and Level Annotations

Branches:
Dungeon (2/15)

Altars:
Okawaru


Innate Abilities, Weirdness & Mutations

You cannot be hasted, slowed, berserked, paralysed or teleported.
You can dig through walls and to a lower floor.
Your four strong arms can wield two-handed weapons with a shield.
You have a pair of large antennae on your head. (SInv)


Message History

The adder hisses angrily.
Found a scroll labeled NIGETIW HOXUCA.
You hit the adder but do no damage. The adder barely misses you.
You miss the adder. The adder bites you.
You closely miss the adder. The adder bites you but does no damage.
You barely miss the adder. The adder bites you but does no damage.
The adder barely misses you.
You hit the adder but do no damage. The adder misses you.
You barely miss the adder. The adder bites you.
You hit the adder. The adder bites you but does no damage. The adder bites you.
You are poisoned.
The adder poisons you!
You miss the adder.
You feel sick. The adder closely misses you.
You miss the adder.
You feel sick. The adder barely misses you.
You barely miss the adder. The adder bites you but does no damage.
You closely miss the adder. The adder closely misses you. The adder bites you.
You are more poisoned.
The adder poisons you!
You hit the adder.
You feel sick. The adder bites you but does no damage.
You miss the adder.
You feel sick. The adder completely misses you.
You closely miss the adder. The adder closely misses you.
You feel sick.
You begin infusing your attacks with magical energy.
You feel sick. The adder bites you.
* * * LOW HITPOINT WARNING * * *
You are more poisoned.
The adder poisons you! The adder barely misses you.
You barely miss the adder.
* * * LOW HITPOINT WARNING * * *
You feel sick. The adder bites you.
* * * LOW HITPOINT WARNING * * *
You are more poisoned.
The adder poisons you!
You barely miss the adder.
* * * LOW HITPOINT WARNING * * *
You feel sick. The adder bites you.
* * * LOW HITPOINT WARNING * * *
You are more poisoned.
The adder poisons you!
You hit the adder.
* * * LOW HITPOINT WARNING * * *
You feel sick. The adder bites you.
* * * LOW HITPOINT WARNING * * *
You are more poisoned.
The adder poisons you! The adder closely misses you.
You miss the adder.
* * * LOW HITPOINT WARNING * * *
You feel sick. The adder barely misses you.
You closely miss the adder.
You die...

### ..# #.#
..# #######
.......
######
############
####
#..@S......#
...#
#.###......#
...# #.#
?.....# ...#
#.# ......#
...# #.#
......# ####
#.# #######
#.# #.# #.#


You could see an adder.

Vanquished Creatures
  A worm (D:2)
  A dart slug (D:2)
  3 giant cockroaches
  8 goblins (D:1)
  6 hobgoblins
  4 bats
  A frilled lizard (D:1)
  4 kobolds (D:1)
  A rat (D:1)
29 creatures vanquished.

Notes
Turn   | Place    | Note
-------+----------+-------------------------------------------
     0 | D:1      | LostNumber the Formicid Skald began the quest for the Orb.
     0 | D:1      | Reached XP level 1. HP: 16/16 MP: 3/3
     0 | D:1      | Noticed a dwarf
     0 | D:1      | Noticed a ghoul
     2 | D:1      | Noticed a human
     2 | D:1      | Noticed a troll
     5 | D:1      | Noticed a dwarf
     7 | D:1      | Noticed an elf
     8 | D:1      | Noticed a troll
     9 | D:1      | Noticed a spriggan
    11 | D:1      | Noticed a ghoul
    11 | D:1      | Noticed a felid
    13 | D:1      | Noticed a dwarf
    15 | D:1      | Noticed a formicid
    15 | D:1      | Noticed a draconian
    17 | D:1      | Noticed an octopode
    17 | D:1      | Noticed an octopode
    19 | D:1      | Noticed a spriggan
    19 | D:1      | Noticed a gargoyle
   176 | D:1      | Reached XP level 2. HP: 13/23 MP: 1/5
   565 | D:1      | Reached XP level 3. HP: 23/28 MP: 6/6
   722 | D:1      | Found an iron altar of Okawaru.
   733 | D:1      | Became a worshipper of Warmaster Okawaru
  1326 | D:1      | Learned a level 2 spell: Shroud of Golubria
  1509 | D:2      | HP: 1/28 [poisoned by an adder]
  1510 | D:2      | Succumbed to an adder's poison

Skill      XL: |  1  2  3 |
---------------+----------+-----
Polearms       | 3 |  3.2
Fighting       | |  2.9
Armour         | |  1.1
Dodging        | |  1.7
Shields        | |  0.1
Spellcasting   | |  2.1
Charms         | |  3.0
Invocations    | |  0.2

Action                   || total
-------------------------++-------
Melee: Spear             ||   150
 Cast: Infusion          ||     4
       Shroud of Golubri ||     1
  Eat: Chunk             ||     1
Armor: Leather armour    ||    40
Dodge: Dodged            ||    65
